 Dungeon Crawl Stone Soup version 0.22-a0-253-gf9d0ce5 (webtiles) character file.

14 GameOver the Sneak (level 2, -1/22 HPs)
             Began as a Naga Wizard on Mar 3, 2018.
             Slain by a hobgoblin (4 damage)
             ... on level 1 of the Dungeon.
             The game lasted 00:02:17 (442 turns).

GameOver the Sneak (Naga Wizard)                     Turns: 442, Time: 00:02:18

Health: -1/22      AC:  1    Str:  9    XL:     2   Next: 45%
Magic:  0/6        EV:  9    Int: 18    God:
Gold:   11         SH:  0    Dex:  7    Spells: 6/7 levels left

rFire    . . .     SeeInvis +   c - -1 dagger (curse)
rCold    . . .     Gourm    .   (no shield)
rNeg     . . .     Faith    .   a - +0 robe
rPois    +         Spirit   .   b - +0 hat
rElec    .         Reflect  .   (no cloak)
rCorr    .         Harm     .   (no gloves)
MR       +....                  (no barding)
Stlth    +++.......             (no amulet)
HPRegen  0.07/turn              (no ring)
MPRegen  0.10/turn              (no ring)

@: short of breath, very slightly contaminated, hasted, quick
A: large, camouflage 1, see invisible, clumsy 1, deformed body, magic resistance
1, poison resistance, slowness 2, slow metabolism 1, spit poison 1, AC +0
a: Spit Poison


You were on level 1 of the Dungeon.
You were not hungry.

You visited 1 branch of the dungeon, and saw 1 of its levels.

You collected 11 gold pieces.

Inventory:

Hand Weapons
 c - a cursed -1 dagger (weapon)
 h - a +0 short sword
Armour
 a - a +0 robe (worn)
 b - a +0 hat (worn)
Scrolls
 e - a scroll of teleportation {unknown}
Comestibles
 d - 2 rations


   Skills:
 - Level 1.5 Dodging
 + Level 3.6 Stealth
 - Level 3.0 Spellcasting
 * Level 2.0 Conjurations
   Level 1.0 Summonings
   Level 1.0 Translocations


You had 6 spell levels left.
You knew the following spells:

 Your Spells              Type           Power        Failure   Level  Hunger
a - Magic Dart            Conj           ##..         7%          1    None


Dungeon Overview and Level Annotations

Branches:
Dungeon (1/15)

Altars:


Innate Abilities, Weirdness & Mutations

You cannot wear boots.
Your serpentine skin is tough. (AC +0)
You have supernaturally acute eyesight. (SInv)
Armour fits poorly on your strangely shaped body.
Your system is resistant to poisons. (rPois)
You cover ground very slowly.
You have a slow metabolism.
You can spit poison.
Your skin changes colour to match your surroundings (Stealth+).
You are clumsy. (Dex -2)
You are resistant to hostile enchantments. (MR+)


Message History

You kill the jackal!
You feel slightly more hungry.
Casting: Magic Dart (safe; 7% risk of failure)
Confirm with . or Enter, or press ? or * to list all spells.
Aiming: Magic Dart (safe; 7% risk of failure)
Press: ? - help, Shift-Dir - straight line, f/p - hobgoblin
Aim: a hobgoblin The magic dart hits the hobgoblin.
The hobgoblin is severely wounded.
The hobgoblin barely misses you.
Casting: Magic Dart (safe; 7% risk of failure)
Confirm with . or Enter, or press ? or * to list all spells.
Aiming: Magic Dart (safe; 7% risk of failure)
Press: ? - help, Shift-Dir - straight line, f/p - hobgoblin
Aim: a hobgoblin (severely wounded)
You miscast Magic Dart.
You are very lightly contaminated with residual magic.
The air around you crackles with energy!
The hobgoblin hits you.
You die...

#... #.#.#...# #.##
......!.# $ #.#
#.#.#...# .. #.#
........#
....#####.## #
#g#.!.+
.........#.#. ..
.... ......#####.##
####.##'######..#+##
#.#
..........†g@......b
#.#
###......########.##
#.##
...######.........#
#..# . #...
##.....#### ##.#
#.## #.......... #.#
#. ###.#####.# #.# #
#.##### #.#
#.###.....# #.#
#.....###.# #.#


You could see a hobgoblin and a bat (sleeping).

Vanquished Creatures
  A dart slug (D:1)
  2 bats (D:1)
  A goblin (D:1)
  4 jackals (D:1)
  A frilled lizard (D:1)
  2 kobolds (D:1)
11 creatures vanquished.

Notes
Turn   | Place    | Note
-------+----------+-------------------------------------------
     0 | D:1      | GameOver the Naga Wizard began the quest for the Orb.
     0 | D:1      | Reached XP level 1. HP: 15/15 MP: 4/4
   298 | D:1      | Reached XP level 2. HP: 10/22 MP: 4/6
   438 | D:1      | Gained mutation: You are clumsy. (Dex -2) [potion of mutation]
   438 | D:1      | Gained mutation: Your skin changes colour to match your surroundings (Stealth+). [potion of mutation]
   438 | D:1      | Gained mutation: You are resistant to hostile enchantments. (MR+) [potion of mutation]
   442 | D:1      | Slain by a hobgoblin

Vault maps used:
D:1:      elethiomel_arrival_maze, serial_co_window_serial, co_window_paths_a,
          co_window_cross_1, co_window_paths_a, co_window_of_opportunity_a,
          co_window_of_opportunity_a, co_window_paths_c,
          co_window_of_opportunity_b, co_window_broadway_b, glass_columns_a,
          glass_columns_b, glass_columns_b, minmay_stone_trees_medium

Skill      XL: |  1  2 |
---------------+-------+-----
Conjurations   | 2 |  2.0
Dodging        | |  1.5
Stealth        | |  3.6
Spellcasting   | |  3.0
Summonings     | |  1.0
Translocations | |  1.0

Action                   || total
-------------------------++-------
Melee: Dagger            ||     5
 Cast: Magic Dart        ||    17
 Abil: Spit Poison       ||     9
  Use: Potion            ||     2
 Stab: Sleeping          ||     2
Armor: Robe              ||     3
Dodge: Dodged            ||     8

Table legend:
 A = Spawn XP
 B = Non-spawn XP
 C = Spawn XP percentage of total XP
 D = Spawn monster count
 E = Non-spawn monster count
 F = Spawn count percentage of total count
 G = Total turns spent on level
                    A         B        C        D         E        F      G
               +---------+---------+-------+---------+---------+-------+---------
         Total |       0 |      21 |   0.0 |       0 |      11 |   0.0 |   442
               +---------+---------+-------+---------+---------+-------+---------
           D:1 |       0 |      21 |   0.0 |       0 |      11 |   0.0 |   442
               +---------+---------+-------+---------+---------+-------+---------
